 Dungeon Crawl Stone Soup version 0.26.0-10-g1f06aea511 (webtiles) character file.

Game seed: 5604586073659704731

248 ythm the Skirmisher (level 5, 0/48 HPs)
             Began as a Minotaur Hunter on Jan 14, 2021.
             Slain by a shadow imp (4 damage)
             ... summoned by Natasha
             ... on level 3 of the Dungeon.
             The game lasted 00:03:18 (3701 turns).

ythm the Skirmisher (Minotaur Hunter)               Turns: 3701, Time: 00:03:19

Health: 0/48       AC:  3    Str: 16 (17) XL:     5   Next: 86%
Magic:  4/4        EV: 12    Int:  6 (8)  God:
Gold:   208        SH:  0    Dex: 10 (11) Spells: 4/4 levels left

rFire    . . .     SeeInvis .   a - +0 short sword
rCold    . . .     Faith    .   (no shield)
rNeg     . . .     Spirit   .   b - +0 leather armour
rPois    .         Reflect  .   (helmet restricted)
rElec    .         Harm     .   (no cloak)
rCorr    .         Rampage  .   (no gloves)
Will     .....                  (no boots)
Stlth    +.........             (no amulet)
HPRegen  0.16/turn              (no ring)
MPRegen  0.09/turn              (no ring)

@: brilliant, slowed, very slow
A: retaliatory headbutt, horns 2
a: no special abilities


You were on level 3 of the Dungeon.
You visited 1 branch of the dungeon, and saw 3 of its levels.

You collected 208 gold pieces.

Inventory:

Hand Weapons
 a - a +0 short sword (weapon)
Missiles
 c - 6 javelins (quivered)
 d - 2 throwing nets
Armour
 b - a +0 leather armour (worn)
Jewellery
 o - an uncursed ring of wizardry {unknown}
Scrolls
 e - 3 scrolls of teleportation
 f - 2 scrolls of remove curse
 g - a scroll of enchant weapon {unknown}
 i - 4 scrolls of identify {unknown}
 j - 2 scrolls of fog {unknown}
 k - 2 scrolls of blinking {unknown}
 m - a scroll of magic mapping {unknown}
 n - a scroll of random uselessness {unknown}
 q - 2 scrolls of immolation {unknown}
 s - a scroll of fear {unknown}
Potions
 h - a potion of degeneration
 l - a potion of brilliance
 p - a potion of heal wounds {unknown}
 r - a potion of curing {unknown}
 t - a potion of mutation {unknown}


   Skills:
 + Level 5.3 Fighting
 + Level 4.5 Throwing
 + Level 2.8 Armour
 + Level 3.6 Dodging
 - Level 0.7 Stealth


You had 4 spell levels left.
You didn't know any spells.
Your spell library was empty.

Dungeon Overview and Level Annotations

Branches:
Dungeon (3/15)

Altars:
Nemelex Xobeh
Ru
Trog

Annotations:
D:3 Natasha


Innate Abilities, Weirdness & Mutations

You reflexively headbutt those who attack you in melee.
You have a pair of horns on your head.


Message History

Pain shoots through your body!
* * * LOW HITPOINT WARNING * * *
Natasha barely misses you. The white imp hits you.
* * * LOW HITPOINT WARNING * * *
The white imp freezes you.
* * * LOW HITPOINT WARNING * * *
Unknown command.
It was a potion of brilliance.
You feel clever all of a sudden. The shadow imp barely misses you.
Natasha claws you but does no damage.
The white imp hits you but does no damage.
The shadow imp picks up a beetle and eats it.
The shadow imp barely misses you. Natasha barely misses you.
It was a potion of degeneration.
There was something very wrong with that liquid.
You feel weakened.
You feel dopey.
You feel clumsy. The white imp completely misses you. You furiously retaliate!
You headbutt the white imp, but do no damage.
The shadow imp hits you.
You die...

#...#..#.........<......#.#..
#...#..##########'#######.#..
#####...#.................(...#..
........#.....................#..
#####...###############'#######..
..................)..............
.####............................
.# ###.#######....#.##########.#
#######.#######5@5.#.# #.#
...............h...#.# #.#
#######.########...#.# #.#
#...#...# ##>.#.# #.# #.###.#.#
##.#.# #.# #####.....#.# #.#.#
#.# #....######.# #.#.# #.#
............# #.#.# #.#
#....#############.#.# #.#


You could see Natasha, a white imp (summoned) and a shadow imp (summoned).

Vanquished Creatures
  An orc wizard (D:3)
  Natasha (twice) (D:3)
  A worker ant (D:2)
  4 gnolls (D:2)
  4 adders
  3 worms
  2 dart slugs
  2 leopard geckos (D:1)
  3 orcs (D:3)
  6 giant cockroaches
  5 goblins
  2 hobgoblins (D:1)
  3 jackals (D:3)
  3 quokkas
  2 ball pythons
  6 bats
  A frilled lizard (D:2)
  4 kobolds
  11 rats
65 creatures vanquished.

Notes
Turn   | Place    | Note
-------+----------+-------------------------------------------
     0 | D:1      | ythm the Minotaur Hunter began the quest for the Orb.
     0 | D:1      | Reached XP level 1. HP: 18/18 MP: 0/0
   100 | D:1      | Reached skill level 3 in Fighting
   141 | D:1      | Reached XP level 2. HP: 25/26 MP: 1/1
   457 | D:1      | Reached skill level 4 in Fighting
   816 | D:1      | Reached XP level 3. HP: 34/34 MP: 2/2
  1318 | D:2      | Reached skill level 1 in Armour
  1668 | D:2      | Reached XP level 4. HP: 25/41 MP: 3/3
  1924 | D:2      | Found a sparkling altar of Nemelex Xobeh.
  2100 | D:2      | Found a bloodstained altar of Trog.
  2343 | D:2      | Reached skill level 5 in Fighting
  2640 | D:3      | Found a sacrificial altar of Ru.
  2647 | D:3      | Reached XP level 5. HP: 48/48 MP: 4/4
  3001 | D:3      | Noticed Natasha
  3009 | D:3      | Killed Natasha
  3595 | D:3      | Noticed Natasha
  3602 | D:3      | Killed Natasha
  3685 | D:3      | Noticed Natasha
  3701 | D:3      | Slain by a shadow imp

Illustrated notes

Levels and vault maps discovered:
D:1:      dpeg_arrival_central, layout_basic
D:2:      layout_loops_corners, lemuel_crystal_altar,
          hangedman_decor_clover_reticule, kennysheep_small_spiral,
          trog_three_pillars_becter
D:3:      layout_basic, lemuel_crystal_altar, uniq_natasha

Skill      XL: |  1  2  3  4 |
---------------+-------------+-----
Fighting       | 3 4 5 |  5.3
Armour         | 1 2 |  2.8
Dodging        | 3 |  3.6
Throwing       | |  4.5
Stealth        | |  0.7

Action                   |  1- 3 |  4- 6 || total
-------------------------+-------+-------++-------
Melee: Short sword       |    79 |   110 ||   189
       Headbutt          |    15 |    13 ||    28
Throw: Javelin           |     2 |     1 ||     3
  Use: Scroll            |     2 |       ||     2
       Potion            |       |     2 ||     2
Armor: Leather armour    |    18 |    26 ||    44
Dodge: Dodged            |    63 |    83 ||   146
